 Dungeon Crawl Stone Soup version 0.21.1-1-g345015f (webtiles) character file.

45 rz the Digger (level 3, -2/19 HPs)
             Began as a Gargoyle Earth Elementalist on Mar 31, 2018.
             Slain by a gnoll sergeant
             ... wielding a +0 spear
              (7 damage)
             ... on level 2 of the Dungeon.
             The game lasted 00:04:46 (1733 turns).

rz the Digger (Gargoyle Earth Elementalist)         Turns: 1733, Time: 00:04:46

Health: -2/19      AC:  5    Str: 11    XL:     3   Next: 64%
Magic:  7/7        EV: 12    Int: 16    God:
Gold:   94         SH:  0    Dex: 10    Spells: 6/7 levels left

rFire    . . .     SeeInvis .   m - +0 spear
rCold    . . .     Gourm    .   (no shield)
rNeg     + . .     Faith    .   c - +0 robe
rPois    ∞         Spirit   .   (no helmet)
rElec    +         Reflect  .   (no cloak)
rCorr    .         Harm     .   (no gloves)
MR       .....                  (no boots)
Stlth    ++........             (no amulet)
HPRegen  0.06/turn              (no ring)
MPRegen  0.10/turn              (no ring)

@: no status effects
A: negative energy resistance 1, electricity resistance, unbreathing,
petrification resistance, rot immunity, AC +3
a: no special abilities


You were on level 2 of the Dungeon.
You were very hungry.

You visited 1 branch of the dungeon, and saw 2 of its levels.

You collected 94 gold pieces.

Inventory:

Hand Weapons
 i - a +0 dagger
 m - a +0 spear (weapon)
Missiles
 b - 14 stones (quivered)
Armour
 c - a +0 robe (worn)
Jewellery
 h - an uncursed amulet of regeneration {unknown}
Scrolls
 a - 2 scrolls of teleportation {unknown}
 f - 2 scrolls of magic mapping {unknown}
 j - 3 scrolls of identify {unknown}
 l - a scroll of fog {unknown}
 n - 3 scrolls of remove curse {unknown}
Potions
 g - a potion of might {unknown}
 k - a potion of curing {unknown}
Books
 e - a book of Geomancy

   Spells                             Type                      Level
   a - Sandblast                      Earth                        1
   b - Passwall                       Transmutation/Earth          2
   c - Stone Arrow                    Conjuration/Earth            3
   d - Petrify                        Transmutation/Earth          4
   e - Lee's Rapid Deconstruction     Earth                        5
Comestibles
 d - 4 rations


   Skills:
 - Level 0.1 Polearms
 - Level 1.6 Dodging
 - Level 2.4 Stealth
 - Level 0.2 Unarmed Combat
 + Level 2.7 Spellcasting
   Level 0.7 Transmutations
 + Level 4.6 Earth Magic


You had 6 spell levels left.
You knew the following spells:

 Your Spells              Type           Power        Failure   Level  Hunger
a - Sandblast             Erth           ###...       3%          1    #......


Dungeon Overview and Level Annotations

Branches:
Dungeon (2/15)

Altars:


Innate Abilities, Weirdness & Mutations

You are resistant to torment.
Your stone body is resilient. (AC +3)
You are immune to poison.
You resist negative energy. (rN+)
You are resistant to electric shocks. (rElec)
You can survive without breathing.
You are immune to petrification.
You are immune to rotting.


Message History

There is an open door here.
You now have 94 gold pieces (gained 10).
You open the door.
There is an open door here.
A rat and a gnoll sergeant come into view.
The gnoll sergeant shouts!
You hear an angry hiss.
A bat comes into view.
Memorise Stone Arrow, consuming 3 spell levels and leaving 3?
You start memorising the spell.
You continue memorising. x3
The rat bites you but does no damage.
Your memorisation is interrupted.
You closely miss the rat. The rat bites you but does no damage.
You hit the rat.
You kill the rat!
The adder bites you but does no damage.
You closely miss the adder. The adder bites you.
The gnoll sergeant hits you from afar with a spear!
You hit the adder but do no damage. The adder bites you.
* * * LOW HITPOINT WARNING * * *
The gnoll sergeant hits you from afar with a spear!
You die...

≈≈≈≈ ≈≈≈≈ ##+## b≈≈.
##...## ≈≈. # ##.....##
..♣ ## ##.......## #.##
.####....)....####g..##
....'.........'.@S....#
.####.........####...##
## ##....>..## #.## #
##.....## .# ##...## #
##+##


You could see a gnoll sergeant and an adder.

Vanquished Creatures
  2 worms (D:2)
  3 dart slugs (D:1)
  2 giant cockroaches (D:1)
  5 goblins (D:1)
  6 hobgoblins (D:1)
  2 jackals (D:1)
  6 bats (D:1)
  5 rats
31 creatures vanquished.

Notes
Turn   | Place    | Note
-------+----------+-------------------------------------------
     0 | D:1      | rz the Gargoyle Earth Elementalist began the quest for the Orb.
     0 | D:1      | Reached XP level 1. HP: 10/10 MP: 3/3
   304 | D:1      | Reached skill level 4 in Earth Magic
   319 | D:1      | Reached XP level 2. HP: 11/15 MP: 1/5
   925 | D:1      | Reached XP level 3. HP: 17/19 MP: 0/6
  1723 | D:2      | Noticed a gnoll sergeant
  1733 | D:2      | Slain by a gnoll sergeant

Skill      XL: |  1 |
---------------+----+-----
Earth Magic    | 4 |  4.6
Polearms       | |  0.1
Dodging        | |  1.6
Stealth        | |  2.4
Unarmed Combat | |  0.2
Spellcasting   | |  2.7
Transmutations | |  0.7

Action                   || total
-------------------------++-------
Melee: Unarmed           ||    34
       Dagger            ||    43
       Spear             ||    83
 Cast: Sandblast         ||    16
 Stab: Sleeping          ||     1
  Eat: Chunk             ||     2
Armor: Robe              ||    65
Dodge: Dodged            ||   132
